Map: Ghost River LE

Players

JSJSJS

  • Race: Protoss Protoss
  • League: Silver
  • Spawn Location: 1:00

xBenx - Winner!

  • Race: Zerg Zerg
  • League: Gold
  • Spawn Location: 11:00

VOD

Have the link to the VOD?

Description

xBenx vs JSJSJS

Time

  • Played on: April 3, 2024, 8:36 p.m.
  • Length: 16:37
Show
View Real Time Build Order
Export as new Build Order

JSJSJS Protoss 

Build Orders: Oracle Opening 

Get SALT Encoding   

  12  0:25  Pylon  
  12  0:36  Assimilator  
  12  0:45  Gateway  
  12  0:48  Probe (Chrono Boost)  
  13  0:58  Assimilator, Probe (Chrono Boost)  
  13  1:03  Probe (Chrono Boost)  
  15  1:15  Probe  
  16  1:27  Probe  
  16  1:32  Cybernetics Core  
  17  1:35  Pylon  
  17  1:39  Probe  
  18  1:55  Probe  
  18  1:59  Pylon  
  19  2:12  Warp Gate (Chrono Boost)  
  19  2:16  Stalker  
  21  2:24  Gateway  
  21  2:33  Stargate  
  21  2:46  Twilight Council  
  21  2:48  Probe  
  22  3:00  Probe  
  23  3:08  Shield Battery  
  23  3:14  Probe  
  23  3:18  Oracle  
  27  3:21  Charge (Chrono Boost)  
  27  3:30  Probe  
  28  3:47  Robotics Facility  
  26  3:49  Pylon  
  26  4:04  Pylon  
  26  4:10  Stalker  
  26  4:12  Stalker  
  30  4:29  Void Ray (Chrono Boost)  
  34  4:36  Zealot  
  36  4:40  Zealot  
  34  5:31  Fleet Beacon  
  34  5:35  Gateway  
  34  5:36  Pylon  
  34  5:44  Gateway  
  34  6:15  Tempest  
  34  6:16  Nexus  
  39  6:30  Pylon  
  39  6:32  Pylon  
  39  6:42  Dark Shrine  
  39  7:06  Forge  
  39  7:10  Shield Battery, Pylon  
  38  7:19  Tempest  
  47  7:37  Immortal  
  47  7:38  Gateway  
  47  7:40  Gateway  
  47  7:56  Unknown  
  44  8:08  Shadow Stride, Gateway  
  40  9:04  Nexus  
  40  9:05  Pylon  
  40  9:09  Dark Templar  
  42  9:30  Void Ray  
  33  10:26  Pylon  
  33  10:27  Pylon  
  27  10:57  Probe (Chrono Boost)  
  28  11:06  Probe (Chrono Boost)  
  28  11:09  Probe (Chrono Boost)  
  15  12:12  Probe (Chrono Boost)  
  16  12:22  Probe (Chrono Boost)  
  17  13:08  Probe (Chrono Boost)  
  18  13:17  Probe (Chrono Boost)  
  19  13:22  Probe (Chrono Boost)  
  20  13:34  Probe  
  21  14:01  Probe (Chrono Boost)  
  21  14:02  Probe (Chrono Boost)  
  21  14:12  Probe x2 (Chrono Boost)  
  21  14:16  Probe x2 (Chrono Boost)  
  16  14:20  Pylon  
  17  15:11  Cybernetics Core  
  17  15:55  Robotics Facility  
Show
View Real Time Build Order
Export as new Build Order

xBenx Zerg - Winner!

Build Orders: Pool First 

Get SALT Encoding   

  12  0:02  Drone  
  13  0:13  Overlord  
  13  0:22  Drone  
  14  0:33  Drone  
  14  0:34  Drone  
  16  0:48  Drone  
  17  1:03  Spawning Pool  
  16  1:06  Extractor  
  15  1:11  Hatchery  
  15  1:15  Drone  
  15  1:18  Extractor  
  14  1:33  Drone  
  14  1:34  Drone x2  
  17  1:51  Queen  
  19  1:54  Drone  
  19  2:00  Roach Warren  
  19  2:02  Zergling x2  
  20  2:10  Overlord  
  20  2:17  Drone  
  21  2:23  Queen  
  21  2:24  Drone  
  24  2:40  Drone  
  24  2:42  Drone x2  
  27  2:45  Lair  
  27  2:50  Zergling x2  
  27  3:11  Roach x4  
  35  3:14  Drone  
  35  3:18  Extractor, Overlord  
  35  3:22  Overlord  
  35  3:27  Drone  
  36  3:34  Spore Crawler  
  36  3:36  Spore Crawler  
  36  3:37  Drone  
  35  3:50  Glial Reconstitution  
  35  4:03  Drone  
  35  4:06  Zergling x2  
  35  4:09  Roach  
  39  4:15  Hatchery  
  39  4:16  Drone x2  
  40  4:34  Overlord  
  40  4:38  Overlord  
  40  4:40  Drone x2  
  40  4:41  Drone x3  
  45  4:46  Extractor  
  44  4:58  Zergling x4, Roach x2  
  48  5:21  Zergling x2  
  48  5:22  Zergling x8, Roach x3  
  48  5:27  Drone  
  48  5:28  Drone x2  
  62  5:32  Overlord  
  62  5:54  Burrow  
  59  5:57  Ravager  
  57  6:09  Spore Crawler  
  57  6:10  Drone x3  
  59  6:11  Drone  
  59  6:12  Drone x2, Spore Crawler  
  59  6:13  Metabolic Boost  
  61  6:22  Hydralisk Den  
  60  6:28  Drone x3  
  60  6:29  Drone  
  60  6:32  Spore Crawler  
  63  6:41  Tunneling Claws  
  63  6:45  Pneumatized Carapace  
  63  6:46  Drone x3  
  66  6:49  Extractor  
  66  6:51  Grooved Spines  
  65  7:07  Drone x2  
  65  7:08  Drone  
  68  7:11  Extractor, Spore Crawler  
  68  7:13  Hatchery  
  68  7:14  Drone x3, Spore Crawler  
  67  7:21  Spore Crawler  
  67  7:22  Spore Crawler x2  
  65  7:24  Drone x2, Roach x8  
  65  7:25  Drone x2  
  65  7:26  Drone x4  
  72  7:31  Roach x8  
  72  7:33  Queen  
  74  7:53  Overlord x3  
  74  8:05  Extractor  
  69  8:31  Nydus Network  
  62  8:43  Roach x5  
  62  8:47  Zergling x4, Hydralisk x7, Roach  
  62  8:48  Zergling x10, Roach x6  
  95  8:55  Muscular Augments  
  95  8:59  Overlord x3  
  95  9:11  Nydus Canal  
  95  9:21  Spore Crawler  
  95  9:23  Spore Crawler  
  89  9:24  Hydralisk x2  
  89  9:25  Zergling x6, Roach x2  
  97  9:36  Nydus Canal  
  91  9:48  Overseer  
  77  10:01  Zergling x4, Hydralisk x3, Roach  
  77  10:02  Zergling x4, Roach  
  82  10:13  Queen  
  74  10:19  Roach  
  74  10:20  Hydralisk  
  74  10:21  Zergling x2, Roach  
  67  10:38  Drone x14  
  67  10:42  Nydus Canal  
  62  10:45  Hydralisk  
  62  10:46  Zergling x6, Roach x3  
  69  10:54  Drone x3  
  67  10:58  Roach  
  67  11:10  Nydus Canal  
  67  11:26  Nydus Canal  
  64  11:33  Spore Crawler  
  64  11:34  Spore Crawler  
  64  11:35  Spore Crawler  
  64  11:37  Spore Crawler  
  64  11:38  Spore Crawler  
  54  12:02  Zergling x6, Hydralisk x3, Roach  
  54  12:03  Zergling x2, Roach x2  
  70  12:13  Infestation Pit, Drone  
  60  12:25  Hatchery  
  55  12:47  Nydus Canal  
  55  13:02  Drone x3  
  55  13:03  Hatchery  
  55  13:04  Queen  
  59  13:05  Extractor  
  59  13:06  Extractor  
  59  13:10  Hatchery  
  54  13:17  Nydus Canal  
  54  13:24  Queen  
  56  13:27  Overlord  
  56  13:32  Nydus Canal  
  56  13:41  Drone  
  56  13:46  Roach  
  56  13:47  Roach x2  
  57  13:51  Roach  
  57  13:57  Nydus Canal  
  55  14:14  Nydus Canal  
  55  14:29  Nydus Canal  
  49  14:35  Zergling x8, Hydralisk x6, Roach x2  
  49  14:36  Zergling x12, Hydralisk, Roach x6  
  49  14:37  Drone x2  
  87  14:45  Drone  
  87  14:50  Drone, Evolution Chamber x2  
  87  14:51  Drone  
  88  14:55  Roach, Overlord  
  88  14:57  Roach  
  88  15:12  Nydus Canal  
  88  15:19  Roach  
  88  15:27  Nydus Canal  
  88  15:36  Drone x6  
  94  15:43  Nydus Canal  
  94  15:58  Nydus Canal  
  94  16:14  Zergling x2  
  94  16:15  Zergling x10, Roach x2  
  94  16:16  Zergling x2  
Tags
 
Add a new tag
Caveats
  • Supply blocks, unpowered buildings, or Contaminate may cause inaccurate times.
  • Supply counts are checked every 10 seconds.